 Dungeon Crawl Stone Soup version 0.16.0-8-gd9ae3a8 (webtiles) character file.

24 HungrySpirit the Gusty (level 3, -6/21 HPs)
             Began as a Gargoyle Air Elementalist on Mar 16, 2015.
             Mangled by Sigmund
             ... wielding a +0 scythe
              (8 damage)
             ... on level 2 of the Dungeon.
             The game lasted 00:03:45 (1454 turns).

HungrySpirit the Gusty (Gargoyle Air Elementalist)  Turns: 1454, Time: 00:03:45

Health: -6/21      AC:  8    Str: 17    XL:     3   Next: 2%
Magic:  6/6        EV: 11    Int: 15    God:
Gold:   8          SH:  0    Dex: 10    Spells: 1 memorised, 5 levels left

rFire  . . .     SeeInvis .     f - +0 dagger
rCold  . . .     Clarity  .     t - +0 leather armour
rNeg   + . .     SustAb   .     (no shield)
rPois  ∞         Gourm    .     (no helmet)
rElec  +         Spirit   .     m - +0 cloak
rCorr  .         Warding  .     (no gloves)
rMut   .         Stasis   .     p - +0 pair of boots
MR     .....                    (no amulet)
Stlth  ++........               (no ring)
                                (no ring)

@: mighty, not resistant to hostile enchantments, unstealthy
A: negative energy resistance 1, electricity resistance, unbreathing,
petrification resistance, rot immunity, AC +3
a: no special abilities


You were on level 2 of the Dungeon.
You were hungry.

You visited 1 branch of the dungeon, and saw 2 of its levels.

You collected 8 gold pieces.

Inventory:

Hand weapons
 f - a +0 dagger (weapon)
 g - a +0 club
 u - a +0 hunting sling
Missiles
 v - 20 stones (quivered)
Armour
 m - a +0 cloak (worn)
 p - a +0 pair of boots (worn)
 t - a +0 leather armour (worn)
Jewellery
 k - an uncursed ring of teleportation
Scrolls
 d - a scroll of noise
 i - 3 scrolls of identify
 j - a scroll of immolation {unknown}
 l - 3 scrolls of teleportation {unknown}
 s - a scroll of recharging {unknown}
Potions
 o - a potion of poison
Books
 b - a book of Air

   Spells                             Type                      Level
   a - Shock                          Conjuration/Air              1
   b - Swiftness                      Charms/Air                   2
   c - Repel Missiles                 Charms/Air                   2
   d - Flight                         Charms/Air                   3
   e - Static Discharge               Conjuration/Air              3
   f - Lightning Bolt                 Conjuration/Air              5
Comestibles
 c - 2 bread rations
 n - a meat ration
 r - a beef jerky


   Skills:
 + Level 2.2 Fighting
 * Level 0.6 Maces & Flails
 - Level 0.9 Armour
 - Level 1.5 Dodging
 - Level 2.1 Stealth
 - Level 2.0 Spellcasting
 - Level 1.1 Conjurations
 - Level 2.4 Air Magic


You had 5 spell levels left.
You knew the following spells:

 Your Spells              Type           Power        Failure   Level  Hunger
a - Shock                 Conj/Air       #...         14%         1    #......


Dungeon Overview and Level Annotations

Branches:
Dungeon (2/15)

Altars:
Xom

Annotations:
D:2 Robin, Sigmund


Innate Abilities, Weirdness & Mutations

You are resistant to torment.
You are immune to poison.
Your stone body is very resilient (AC +3).
You resist negative energy.
You are resistant to electric shocks.
You can survive without breathing.
You are immune to petrification.
You are immune to rotting.


Message History

Drink which item? (? for menu, Esc to quit)
It was a potion of curing.
You feel better.
You feel less invigorated. The bat misses you.
You puncture something! The bat barely misses you.
Something hits you but does no damage.
You miss something. The bat closely misses you.
Something hits you but does no damage.
You closely miss something. The bat barely misses you.
You closely miss something. The bat barely misses you. Something hits you!
You barely miss something. The bat barely misses you.
You hear some strange, mumbled words.
Something tries to affect you, but you resist.
You miss something. The bat hits you but does no damage. Something hits you.
The bat closely misses you.
You miss something. The bat hits you but does no damage.
You barely miss something. The bat hits you but does no damage.
The bat hits you but does no damage. Something hits you.
* * * LOW HITPOINT WARNING * * *
You hit something. The bat hits you but does no damage. Something hits you!
You die...

###.#### #........# #.#
.......### .
#.######.#####. ## .#.
#........#..[#.###.
#..#.#..^.^............
#..#.#.^_^..#...#.###.
##..##.^^^..#.. #.
##....#......... #.
#...b{@.#....#.. #.
#$.##)....##### ##
#.###.# ##### #. .#
#.... # .# .##.### ..
.......... ..
........... .
........... #..>##....


You could see a bat.

Vanquished Creatures
  A giant gecko (D:1)
  4 bats (D:1)
  5 goblins
  2 hobgoblins (D:1)
  A ball python (D:1)
  3 giant newts (D:1)
  6 kobolds
  4 rats (D:1)
26 creatures vanquished.

Notes
Turn   | Place    | Note
--------------------------------------------------------------
     0 | D:1      | HungrySpirit, the Gargoyle Air Elementalist, began the quest for the Orb.
     0 | D:1      | Reached XP level 1. HP: 10/10 MP: 3/3
   254 | D:1      | Reached skill level 1 in Fighting
   254 | D:1      | Reached XP level 2. HP: 9/16 MP: 4/4
  1009 | D:2      | Noticed Robin
  1115 | D:2      | Reached XP level 3. HP: 2/21 MP: 6/6
  1433 | D:2      | Found a shimmering altar of Xom.
  1438 | D:2      | Noticed Sigmund
  1454 | D:2      | Mangled by Sigmund

Action                   || total
-------------------------++-------
Melee: Unarmed           ||    33
       Dagger            ||    83
       Club              ||     8
  Use: Scroll            ||     3
       Potion            ||     4
 Stab: Sleeping          ||     3
  Eat: Chunk             ||     1
